 Dungeon Crawl Stone Soup version 0.17.1-2-g5865329 (webtiles) character file.

743 ololoev the Chopper (level 7, 31/52 HPs)
             Began as a Demonspawn Fighter on Jan 25, 2016.
             Was an Initiate of Makhleb.
             Quit the game on level 6 of the Dungeon.
             The game lasted 00:05:51 (998 turns).

ololoev the Chopper (Demonspawn Fighter)             Turns: 998, Time: 00:05:52

Health: 31/52      AC: 16    Str: 18    XL:     7   Next: 47%
Magic:  7/9        EV:  8    Int:  9    God:    Makhleb [......]
Gold:   157        SH:  0    Dex: 13    Spells: 0 memorised, 6 levels left

rFire  . . .     SeeInvis .     a - +0 war axe
rCold  . . .     Clarity  .     d - +4 scale mail {rN+}
rNeg   + + .     SustAt   .     (no shield)
rPois  .         Gourm    .     j - +0 helmet
rElec  .         Spirit   .     (no cloak)
rCorr  .         Warding  .     f - +0 pair of gloves
rMut   .         Stasis   .     (no boots)
MR     .....                    (no amulet)
Stlth  ..........               (no ring)
                                k - ring of positive energy

@: not resistant to hostile enchantments, extremely unstealthy
A: talons 1, molten scales 2, demonic guardian 1, spiny 1
a: Renounce Religion


Innate Abilities, Weirdness & Mutations

You have sharp toenails.
You are mostly covered in molten scales (AC +3, EV -1).
A weak demonic guardian rushes to your aid.
You are partially covered in sharp spines.

Inventory:

Hand Weapons
 a - a +0 war axe (weapon)
Armour
 d - a +4 scale mail of positive energy (worn)
 f - a +0 pair of gloves (worn)
 j - a +0 helmet (worn)
Jewellery
 k - a ring of positive energy (left hand)
Scrolls
 g - a scroll of enchant armour {unknown}
 h - a scroll of remove curse {unknown}
 i - a scroll of identify {unknown}
 l - a scroll of random uselessness {unknown}
 n - a scroll of teleportation {unknown}
Potions
 b - 3 potions of heal wounds
 o - 2 potions of brilliance {unknown}
Comestibles
 c - 3 chunks of flesh
 e - a bread ration
 m - a royal jelly


   Skills:
 - Level 3.0 Fighting
 * Level 6.0 Axes
 + Level 5.0 Armour
   Level 2.6 Shields
 + Level 3.3 Invocations


You had 6 spell levels left.
You didn't know any spells.


You were on level 6 of the Dungeon.
You worshipped Makhleb.
Makhleb was noncommittal.
You were hungry.

You visited 2 branches of the dungeon, and saw 8 of its levels.

You collected 157 gold pieces.

. .# . ... #.##+##
#.#...## #. .###......##
#. ##. ..........## #..
.....###.........####..#
.......@........p+......
.....###.........# #...
.#. ##p....p.# ##..
##..†..## ##. ##...## #.
##'## ## #.#
#.###########
#...)........

Notes
Turn   | Place    | Note
--------------------------------------------------------------
     0 | D:1      | ololoev the Demonspawn Fighter began the quest for the Orb.
     0 | D:1      | Reached XP level 1. HP: 18/18 MP: 1/1
   174 | D:2      | Gained mutation: You have sharp toenails. [demonic ancestry]
   174 | D:2      | Reached XP level 2. HP: 22/24 MP: 2/2
   369 | D:2      | Noticed Terence
   387 | D:2      | Killed Terence
   387 | D:2      | Gained mutation: You are partially covered in sharp spines. [demonic ancestry]
   387 | D:2      | Reached XP level 3. HP: 21/29 MP: 3/3
   406 | D:2      | Noticed Natasha
   414 | D:2      | Killed Natasha
   414 | D:2      | Gained mutation: You are partially covered in molten scales (AC +1). [demonic ancestry]
   414 | D:2      | Reached XP level 4. HP: 26/35 MP: 4/4
   541 | D:4      | Found a staircase to the Ecumenical Temple.
   565 | Temple   | Entered the Ecumenical Temple
   689 | D:4      | Found a burning altar of Makhleb.
   704 | D:4      | Became a worshipper of Makhleb the Destroyer
   707 | D:4      | Reached skill level 4 in Axes
   708 | D:4      | Gained mutation: You are mostly covered in molten scales (AC +3, EV -1). [demonic ancestry]
   708 | D:4      | Reached XP level 5. HP: 37/41 MP: 5/5
   794 | D:5      | Entered Level 5 of the Dungeon
   884 | D:5      | You fall through a shaft for 2 floors!
   895 | D:7      | Noticed Joseph
   943 | D:6      | Found a basalt altar of Yredelemnul.
   943 | D:6      | Found an iron altar of Okawaru.
   961 | D:6      | Noticed Pikel
   961 | D:6      | Noticed a slave
   961 | D:6      | Noticed a slave
   962 | D:6      | Noticed a slave
   963 | D:6      | Noticed a slave
   977 | D:6      | Killed Pikel
   977 | D:6      | Reached skill level 5 in Axes
   977 | D:6      | Reached XP level 6. HP: 28/47 MP: 5/8
   977 | D:6      | Gained mutation: A weak demonic guardian rushes to your aid. [demonic ancestry]
   977 | D:6      | Reached XP level 7. HP: 30/52 MP: 5/9
   987 | D:6      | Reached skill level 6 in Axes
   991 | D:6      | Reached skill level 5 in Armour
   998 | D:6      | Quit the game

Dungeon Overview and Level Annotations

Branches:
Dungeon (7/15)             Temple (1/1) D:4

Altars:
Cheibriados
Makhleb
Nemelex Xobeh
Okawaru
Qazlal
Ru
Trog
Xom
Yredelemnul
The Shining One

Annotations:
D:7 Joseph


Message History

You open the door.
A worker ant and a zombie come into view.
The worker ant twitches its antennae in your direction.
There is an open door here.
The worker ant is struck by your spines.
The worker ant bites you but does no damage.
Your quasit barely misses the worker ant.
Your quasit claws the worker ant but does no damage. x2
You slash the worker ant!
The worker ant is almost dead.
You hit the hound zombie.
The hound zombie bites you but does no damage.
Your quasit bites the worker ant.
Your quasit claws the worker ant but does no damage. x2
The worker ant closely misses your quasit.
The hound zombie is struck by your spines.
The hound zombie bites you.
Your quasit bites the worker ant.
The worker ant dies!
Makhleb accepts your kill.
Your Axes skill increases to level 6!
The hound zombie completely misses you.
You see here a worker ant corpse.
Unknown command.
You barely miss the hound zombie.
You are feeling hungry.
The hound zombie bites you but does no damage. x2
Your quasit bites the hound zombie.
Your quasit closely misses the hound zombie. x2
You barely miss the hound zombie. Your kick misses the hound zombie.
Your quasit disappears in a puff of smoke!
The hound zombie bites you but does no damage. x2
You hit the hound zombie.
You claw the hound zombie, but do no damage.
The hound zombie is struck by your spines.
You destroy the hound zombie!
Makhleb accepts your kill.
Your Armour skill increases to level 5!
You open the door.
There is an open door here.
Are you sure you want to abandon this character and quit the game? (Confirm with "yes".)

You could see 2 neutral freed slaves.

Vanquished Creatures
  Pikel (D:6)
  An orc priest (D:5)
  Terence (D:2)
  A worker ant (D:4)
  Natasha (D:2)
  3 orc wizards (D:4)
  A hound zombie (D:6)
  3 adders
  An ooze (D:1)
  9 orcs
  A ball python (D:7)
  A giant cockroach (D:5)
  4 hobgoblins
  2 jackals (D:2)
  A quokka (D:2)
  2 bats
  4 giant newts
  A goblin (D:2)
  2 rats
40 creatures vanquished.

Vanquished Creatures (collateral kills)
  A worker ant (D:6)
1 creature vanquished.

Grand Total: 41 creatures vanquished

Action                   |  1- 3 |  4- 6 |  7- 9 || total
-------------------------+-------+-------+-------++-------
Melee: War axe           |    44 |    58 |     4 ||   106
  Use: Potion            |     4 |       |       ||     4

Vault maps used:
D:1:      minmay_arrival_stone_box
D:2:      lemuel_upstairs_altar, kiku_gazebo_pond_becter, uniq_natasha,
          uniq_terence
D:3:      uniq_crazy_yiuf_cottage
D:4:      nicolae_overflow_crystal_walls, tgw_fedhas,
          minmay_temple_entry_statues_pillars, serial_park_tiny_1, uniq_robin
D:5:      first_bread, basic_altar, uniq_prince_ribbit1
D:6:      amethyst_overflow_temple_binary, serial_shops, shop,
          nicolae_shop_behind_doors, nicolae_shop_trees,
          nicolae_shop_behind_doors, amalloy_card_club, uniq_pikel
D:7:      gammafunk_temple_overflow_claw, uniq_duvessa, uniq_joseph
Temple:   temple_island_7
